 Dungeon Crawl Stone Soup version 0.31-a0-870-g10ed682358 (webtiles) character file.

Game seed: 11124638755453926914

181970 Bnni the Marksant (level 19, 0/119 (136) HPs)
             Began as a Formicid Hexslinger on Oct 12, 2023.
             Was the Champion of Hepliaklqana.
             Slain by a pharaoh ant (8 damage)
             ... on level 4 of the Spider Nest.
             The game lasted 01:25:51 (28017 turns).

Bnni the Marksant (Formicid Hexslinger)            Turns: 28017, Time: 01:25:52

HP:   0/119 (136)   AC:  3    Str: 14      XL:     19   Next: 1%
MP:   14/33         EV: 19    Int: 12 (14) God:    Hepliaklqana [******]
Gold: 276           SH:  7    Dex: 22      Spells: 5/38 levels left

rFire   + . .        s - +3 greatsling "Punk" {acid, rCorr}
rCold   + . .        l - +0 buckler
rNeg    . . .        o - +0 robe {rC+}
rPois   +            (helmet unavailable)
rElec   .            S - +1 cloak of Starlight {*Dazzle EV+4 Stlth--}
rCorr   +            h - +0 pair of gloves
SInv    +            Q - +1 pair of boots
Will    +....        g - amulet of regeneration Stlth
                     O - ring of poison resistance
HPRegen 1.19/turn    G - ring of protection from fire
MPRegen 0.23/turn

%: no passive effects
@: corroded, very slightly contaminated, studying Shields, heavily drained
A: reduced essence, permanent stasis, dig shafts and tunnels, antennae 3, four
strong arms
a: Dig, Shaft Self, Renounce Religion, Recall Ancestor, Ancestor Identity,
Transference, Idealise


You were on level 4 of the Spider Nest.
You worshipped Hepliaklqana.
Hepliaklqana was exalted by your worship.
You visited 5 branches of the dungeon, and saw 27 of its levels.
You also visited: Volcano.

You collected 3615 gold pieces.
You spent 3339 gold pieces at shops.

Inventory:

Hand Weapons
 q - a +5 arbalest of flaming
 s - the +3 greatsling "Punk" (weapon) {acid, rCorr}
   (You found it on level 15 of the Dungeon)

   rCorr:     It protects you from acid and corrosion.
 K - the +9 dire flail of Gazing Certain Death {flame, rElec rPois rF+ rC+}
   (You found it on level 3 of the Lair of Beasts)

   rF+:       It protects you from fire.
   rC+:       It protects you from cold.
   rElec:     It insulates you from electricity.
   rPois:     It protects you from poison
Missiles
 z - 2 curare-tipped darts
Armour
 h - a +0 pair of gloves (worn)
 l - a +0 buckler (worn)
 o - a +0 robe of cold resistance (worn)
 Q - a +1 pair of boots (worn)
 S - the +1 cloak of Starlight (worn) {*Dazzle EV+4 Stlth--}
   (You acquired it on level 5 of the Dungeon)

   *Dazzle:   It may blind those who miss an attack against the wearer in melee
   combat.
   EV+4:      It affects your evasion (+4).
   Stlth--:   It makes you much less stealthy.
Jewellery
 f - a ring of positive energy
 g - an amulet of regeneration (around neck)
 G - a ring of protection from fire (right hand)
 L - a ring of flight
 O - a ring of poison resistance (left hand)
 U - a ring of protection from fire
Wands
 c - a wand of flame (37)
 k - a wand of polymorph (25)
 n - a wand of charming (6)
 v - a wand of mindburst (15)
 F - a wand of light (3)
 N - a wand of roots (17)
Scrolls
 a - a scroll of silence {unknown}
 b - 5 scrolls of poison
 d - 3 scrolls of fog
 j - a scroll of enchant armour
 t - 3 scrolls of fear
 w - 4 scrolls of amnesia
 x - 2 scrolls of vulnerability
 y - 3 scrolls of immolation
 D - a scroll of enchant weapon
 M - 2 scrolls of revelation
Potions
 e - 8 potions of curing
 i - 9 potions of might
 m - a potion of mutation
 p - 3 potions of magic
 r - 4 potions of heal wounds
 A - 2 potions of brilliance
 C - 2 potions of cancellation {unknown}
 E - 2 potions of enlightenment {unknown}
 H - a potion of ambrosia
 I - a potion of invisibility {unknown}
 J - 3 potions of lignification {unknown}
 P - a potion of resistance {unknown}


   Skills:
 + Level 14.1 Fighting
 + Level 17.3 Ranged Weapons
 + Level 5.2 Dodging
 + Level 8.0 Shields
 + Level 10.4 Spellcasting
 + Level 16.2 Hexes
 + Level 9.7 Necromancy
 + Level 5.5 Translocations
 - Level 1.0 Fire Magic
 - Level 5.0 Earth Magic
 - Level 14.0 Invocations


You had 5 spell levels left.
You knew the following spells:

 Your Spells              Type           Power      Damage    Failure   Level
a - Jinxbite              Hex            90%        N/A       1%          2
b - Inner Flame           Hex/Fire       26%        N/A       1%          3
c - Dimensional Bullseye  Hex/Tloc       16%        N/A       1%          4
d - Cause Fear            Hex            22%        N/A       1%          4
h - Borgnjor's Vile Clut  Necr/Erth      11%        N/A       21%         5
i - Yara's Violent Unrav  Hex/Tmut       12%        3d7       14%         5
o - Sigil of Binding      Hex            45%        N/A       1%          3
p - Passage of Golubria   Tloc           19%        N/A       14%         4
t - Tukima's Dance        Hex            45%        N/A       1%          3

Your spell library contained the following spells:

 Spells                   Type           Power      Damage    Failure   Level
 Apportation              Tloc           38%        N/A       1%          1
 Necrotise                Necr           100%       1d9       1%          1
 Vampiric Draining        Necr           29%        2d8       1%          3
 Animate Dead             Necr           29%        N/A       2%          4
 Agony                    Necr           29%        N/A       8%          5
 Summon Small Mammal      Summ           24%        N/A       14%         1
 Silence                  Hex/Air        12%        N/A       14%         5
 Poisonous Vapours        Pois/Air       12%        N/A       22%         2
 Hailstorm                Conj/Ice       6%         3d4       41%         3
 Mephitic Cloud           Conj/Pois/Air  6%         N/A       41%         3
 Summon Forest            Summ/Tloc      6%         N/A       78%         5
 Summon Ice Beast         Ice/Summ       6%         N/A       82%         4
 Freezing Cloud           Conj/Ice/Air   3%         6-21      99%         5
 Iskenderun's Battlesphe  Conj           6%         2d6       99%         5
 Death Channel            Necr           14%        N/A       38%         6
 Simulacrum               Ice/Necr       8%         N/A       97%         6
 Bombard                  Conj/Erth      6%         9d2       100%        6
 Eringya's Noxious Bog    Tmut/Pois      3%         4d6       100%        6
 Malign Gateway           Summ/Tloc      6%         N/A       100%        7
 Ozocubu's Refrigeration  Ice            3%         4d8       100%        7
 Spellforged Servitor     Conj/Summ      3%         N/A       100%        7
 Summon Hydra             Summ           3%         N/A       100%        7
 Lehudib's Crystal Spear  Conj/Erth      6%         10d3      100%        8
 Summon Horrible Things   Summ           3%         N/A       100%        8
 Polar Vortex             Ice            3%         N/A       100%        9


Dungeon Overview and Level Annotations

Branches:
Dungeon (15/15)            Temple (1/1) D:4            Lair (5/5) D:10
  Swamp (0/4) Lair:2       Spider (4/4) Lair:2        Slime (0/5) Lair:4
    Orc (2/2) D:11            Elf (0/3) Orc:2        Vaults (0/5) D:13
 Depths (0/4) D:15        Volcano (visited)

Altars:
Ashenzari
Cheibriados
Dithmenos
Elyvilon
Fedhas
Gozag
Hepliaklqana
Kikubaaqudgha
Makhleb
Nemelex Xobeh
Okawaru
Qazlal
Ru
Sif Muna
Trog
Uskayaw
Vehumet
Wu Jian
Xom
Yredelemnul
Zin
The Shining One
Jiyva

Shops:
D:5 **:*   D:6 ([((   D:8 *   D:9 :   D:12 (   Orc:2 *[*=

Annotations:
Lair:1 3 runed translucent doors, abdbla's ghost, journeyman TrSh


Innate Abilities, Weirdness & Mutations

Your life essence is reduced to manifest your ancestor. (-10% HP)
You cannot be hasted, slowed, berserked, paralysed or teleported.
You can dig through walls and to a lower floor.
You have a pair of large antennae on your head. (SInv)
Your four strong arms can wield two-handed weapons with a shield.


Message History

The entropy weaver casts a spell at you.
The pharaoh ant bites you!!!
* * * LOW HITPOINT WARNING * * *
You feel drained.
* * * LOW HITPOINT WARNING * * *
Unknown command.
Casting: Borgnjor's Vile Clutch (dangerous; 21% risk of failure)
Confirm with . or Enter, or press ? or * to list all spells.
Casting: Cause Fear (safe; 1% risk of failure)
Press: ? - help, Dir - look around, f - activate
Okay, then.
Unknown command.
Okay, then.
Unknown command.
Unknown command.
You feel much better. The pharaoh ant bites you!!
* * * LOW HITPOINT WARNING * * *
The pharaoh ant bites you!
* * * LOW HITPOINT WARNING * * *
You feel much better.
The culicivora chitters at the broodmother.
The broodmother is healed somewhat.
The pharaoh ant barely misses you.
Casting: Cause Fear (safe; 1% risk of failure)
Confirm with . or Enter, or press ? or * to list all spells.
Aiming: Borgnjor's Vile Clutch (dangerous; 21% risk of failure)
Press: ? - help, Shift-Dir - straight line, f/p - entropy weaver
Aim: an entropy weaver (severely wounded, 100% to hit)
Zombie hands grab the pharaoh ant.
Zombie hands grab the wolf spider.
Zombie hands grab the culicivora.
Zombie hands grab the wolf spider.
Zombie hands grab the entropy weaver.
The zombie hands constrict the entropy weaver.
The zombie hands constrict the wolf spider.
The zombie hands constrict the pharaoh ant.
The zombie hands constrict the wolf spider.
The zombie hands constrict the culicivora.
The culicivora struggles to escape constriction.
The pharaoh ant bites you!!
* * * LOW HITPOINT WARNING * * *
You feel drained.
You die...

........~~~.......
#.#.~^...~...##...
##.###†...^....##^. ##
##...##........^###.
##~.##.....##........~.#.
#~.^.........††..^.......
#^..##.....##†.[..#.#~...
##...^##...##....###.###..
#.....###@###..†^# .{ ^.
#....^~#B#{^.).##. ...
#.^...†.ss........ {..
##......ss.....## {
#........s......#
###....##†##....#
#..###{sB###..~~
#^..#...s^. #[^..
#..##...^.. ..


You could see a broodmother, an entropy weaver (clutched), 2 wolf spiders, a
culicivora (summoned, clutched), a pharaoh ant (clutched), a jumping spider
(summoned) and 2 redbacks.

Vanquished Creatures
  Rupert (D:13)
  Frances (D:13)
  An emperor scorpion (Spider:3)
  2 ghost moths
  A very ugly thing (D:13)
  4 broodmothers
  An eleionoma (Lair:2)
  The ghost of Kelnin the Blocker, a journeyman FoFi of Qazlal (D:15)
  A spark wasp (Spider:3)
  Josephine (D:15)
  5 slime creatures
  4 entropy weavers
  4 hydras
  5 boulder beetles
  5 centaur warriors
  4 radroaches
  A catoblepas (Lair:3)
  6 two-headed ogres
  A death scarab (Spider:3)
  5 death yaks (Lair:5)
  A vampire mage (D:15)
  4 orc high priests (Orc:2)
  2 demonic crawlers
  4 spriggan berserkers (D:15)
  Amaemon (D:8)
  3 sun moths (Spider:1)
  Lodul (D:10)
  6 skeletal warriors
  7 pharaoh ants
  A death drake (shapeshifter) (D:15)
  6 orb spiders
  A steelbarb worm (shapeshifter) (D:15)
  2 steelbarb worms
  A wizard (D:13)
  A lindwurm (Lair:5)
  5 orc knights
  An orc sorcerer (Orc:1)
  An iron dragon zombie (D:15)
  17 wolf spiders
  A deep elf pyromancer (D:15)
  A stone giant zombie (D:15)
  4 ugly things
  3 oklob plants (Lair:5)
  5 cyclopes
  2 moths of wrath
  8 elephants
  2 alligator skeletons (Volcano)
  A manticore (D:11)
  Joseph (D:7)
  6 black mambas
  Jeremiah (D:6)
  9 cane toads
  6 gargoyles
  2 torpor snails
  6 komodo dragons
  A rime drake (Lair:2)
  Maggie (D:6)
  3 kobold demonologists
  3 meliai
  4 hornets
  A meliai (shapeshifter) (D:14)
  6 polar bears
  5 trolls
  A harpy skeleton (Volcano)
  13 tarantellas
  5 blink frogs
  Sigmund (D:4)
  3 dream sheep
  26 jumping spiders
  A shadow (D:10)
  9 culicivoras
  2 flying skulls (Volcano)
  12 spriggans (Lair:5)
  A vampire (D:13)
  4 wraiths
  41 yaks
  A yak (shapeshifter) (D:14)
  Eustachio (D:6)
  11 humans (D:13)
  2 wyverns
  4 vampire mosquitoes
  2 basilisks (Lair:1)
  29 redbacks
  A glowing shapeshifter zombie (D:15)
  2 wargs (Orc:1)
  2 acid dragons
  5 water moccasins
  3 black bears
  26 orc warriors
  27 wolves
  9 ogres
  4 centaurs
  3 boggarts (Lair:5)
  7 bullfrogs
  6 kobold brigands
  5 scorpions
  6 wights
  A spriggan skeleton (Volcano)
  An electric eel (Lair:5)
  4 troll skeletons (Volcano)
  8 howler monkeys
  6 jellies
  Crazy Yiuf (D:2)
  5 hounds
  27 orc priests
  5 iguanas
  Jessica (D:2)
  Natasha (thrice) (D:2)
  20 orc wizards
  A naga skeleton (Volcano)
  Robin (D:4)
  3 gnolls (D:5)
  7 adders
  A shadow imp (D:5)
  A white imp (D:7)
  An ufetubus (D:4)
  A worm (D:4)
  50 orcs
  6 endoplasms
  4 giant cockroaches
  13 goblins
  7 hobgoblins
  5 quokkas
  3 ball pythons
  4 bats
  13 frilled lizards
  21 kobolds
  3 rats
  A butterfly (Lair:3)
704 creatures vanquished.

Vanquished Creatures (collateral kills)
  2 emperor scorpions
  4 broodmothers
  An ogre mage (D:15)
  A centaur warrior (D:13)
  2 radroaches (Spider:4)
  3 two-headed ogres
  A sphinx skeleton (D:15)
  An orc high priest (Orc:2)
  A tengu warrior (D:13)
  A skyshark (Lair:5)
  A skeletal warrior (D:12)
  A pharaoh ant (Spider:3)
  2 orb spiders (Spider:3)
  2 sun moths
  2 orc knights (Orc:2)
  2 steelbarb worms
  A necromancer (D:15)
  7 wolf spiders
  A cyclops (D:14)
  A manticore (D:11)
  A torpor snail (Spider:4)
  2 black mambas (Lair:5)
  5 elephants
  5 cane toads
  An orange demon (D:8)
  2 rime drakes
  A tengu conjurer (D:13)
  2 komodo dragons
  An efreet (D:13)
  3 polar bears
  A queen bee (shapeshifter) (D:15)
  A meliai (D:11)
  2 hornets (Lair:5)
  4 blink frogs (Lair:2)
  A harpy skeleton (Volcano)
  8 tarantellas
  5 dream sheep
  2 slime creatures (D:13)
  A flying skull (Volcano)
  A spriggan (Lair:5)
  A vampire (D:10)
  7 culicivoras
  2 vampire mosquitoes
  A wyvern (D:8)
  26 yaks
  5 humans (D:13)
  2 basilisks
  A steam dragon (D:6)
  7 redbacks
  An acid dragon (D:9)
  4 water moccasins
  9 orc warriors
  4 ogres
  A boggart (Lair:5)
  12 wolves
  2 centaurs
  5 bullfrogs
  A scorpion (D:6)
  A wight (D:8)
  2 electric eels (Lair:5)
  A howler monkey (D:12)
  A spriggan skeleton (Volcano)
  9 orc priests
  A sleepcap (D:7)
  4 orc wizards
  An adder (D:6)
  2 white imps (D:7)
  The ghost of Kelnin the Shield-Bearer, a weakling FoFi (D:15)
  13 orcs
  3 kobolds
216 creatures vanquished.

Vanquished Creatures (others)
  10 dancing weapons
  An orc warrior (Orc:1)
  21 knights
  An ancestor (D:6)
  A kobold (D:4)
34 creatures vanquished.

Grand Total: 954 creatures vanquished

Notes
Turn   | Place    | Note
-------+----------+-------------------------------------------
     0 | D:1      | Bnni the Formicid Hexslinger began the quest for the Orb.
     0 | D:1      | Reached XP level 1. HP: 15/15 MP: 2/2
   259 | D:1      | Reached XP level 2. HP: 13/20 MP: 3/3
   571 | D:1      | Learned a level 2 spell: Jinxbite
   854 | D:2      | Noticed Natasha
   859 | D:2      | Killed Natasha
   860 | D:2      | Reached XP level 3. HP: 18/27 MP: 2/5
   978 | D:2      | Noticed Natasha
   986 | D:2      | Killed Natasha
   987 | D:2      | Reached XP level 4. HP: 31/33 MP: 3/6
  1084 | D:2      | Reached skill level 3 in Ranged Weapons
  1216 | D:2      | Noticed Jessica
  1223 | D:2      | Killed Jessica
  1224 | D:2      | Reached XP level 5. HP: 33/38 MP: 6/8
  1251 | D:2      | Learned a level 3 spell: Inner Flame
  1255 | D:2      | Learned a level 3 spell: Sigil of Binding
  1548 | D:2      | Found a runed translucent door.
  1549 | D:2      | Noticed Crazy Yiuf
  1617 | D:2      | Noticed Natasha
  1621 | D:2      | Killed Natasha
  1622 | D:2      | Reached skill level 5 in Hexes
  1957 | D:2      | Killed Crazy Yiuf
  1958 | D:2      | Reached XP level 6. HP: 29/46 MP: 9/9
  2642 | D:4      | HP: 2/46 [poisoned by a scorpion]
  2647 | D:4      | HP: 2/46 [poisoned by a scorpion]
  2758 | D:4      | Reached skill level 4 in Ranged Weapons
  2871 | D:4      | Identified the +2 helmet "Midudd" {Int+6}
  2871 | D:4      | Noticed Robin
  2887 | D:4      | Killed Robin
  2899 | D:4      | Noticed Sigmund
  2902 | D:4      | Killed Sigmund
  2903 | D:4      | Reached XP level 7. HP: 52/52 MP: 4/11
  2968 | D:4      | Learned a level 4 spell: Cause Fear
  3122 | D:4      | Found a staircase to the Ecumenical Temple.
  3131 | Temple   | Entered the Ecumenical Temple
  3170 | Temple   | Became a worshipper of Hepliaklqana the Forgotten
  3606 | D:5      | Entered Level 5 of the Dungeon
  3686 | D:5      | Found an opulent altar of Gozag.
  3688 | D:5      | Found Gozag's Platinum Reserve.
  3915 | D:5      | Reached skill level 5 in Ranged Weapons
  3915 | D:5      | Reached skill level 1 in Invocations
  3915 | D:5      | Reached XP level 8. HP: 58/58 MP: 12/12
  4005 | D:5      | Found Faxeaw's General Store.
  4070 | D:5      | Found Fiadghyig's Book Shop.
  4392 | D:5      | Found Oquabon's General Store.
  4413 | D:5      | Bought a scroll of identify for 22 gold pieces
  4694 | D:5      | Reached * piety under Hepliaklqana
  4772 | D:6      | Noticed Eustachio
  4797 | D:6      | Killed Eustachio
  4799 | D:6      | Noticed Jeremiah
  4809 | D:6      | Killed Jeremiah
  4810 | D:6      | Reached skill level 6 in Ranged Weapons
  4810 | D:6      | Reached XP level 9. HP: 44/59 MP: 9/15
  4815 | D:6      | Learned a level 4 spell: Dimensional Bullseye
  4876 | D:6      | Noticed Maggie
  4891 | D:6      | Killed Maggie
  4892 | D:6      | Reached skill level 5 in Fighting
  4892 | D:6      | Reached skill level 1 in Translocations
  5013 | D:6      | Found Buetacly's Armour Emporium.
  5020 | D:6      | Found Tejet's Weapon Shoppe.
  5110 | D:6      | Found Utigg's Weapon Shoppe.
  5118 | D:6      | Bought a +0 sling of draining for 61 gold pieces
  5161 | D:6      | Found Waqea's Antique Weapon Shoppe.
  5303 | D:6      | Reached ** piety under Hepliaklqana
  5304 | D:6      | Remembered your ancestor Tankster McGee as a knight
  5531 | D:7      | Noticed Joseph
  5541 | D:7      | Killed Joseph
  5542 | D:7      | Reached skill level 7 in Ranged Weapons
  5628 | D:7      | Reached skill level 5 in Spellcasting
  5628 | D:7      | Reached XP level 10. HP: 29/66 MP: 3/17
  6413 | D:8      | Reached *** piety under Hepliaklqana
  6609 | D:8      | Noticed Amaemon
  6609 | D:8      | Noticed an orange demon
  6618 | D:8      | Killed Amaemon
  6618 | D:8      | Killed an orange demon
  6619 | D:8      | Reached skill level 8 in Ranged Weapons
  6619 | D:8      | Reached skill level 10 in Hexes
  6619 | D:8      | Reached skill level 5 in Invocations
  7209 | D:8      | Found Uczomawn's General Store.
  7310 | D:9      | Found an iron altar of Okawaru.
  7334 | D:9      | Noticed a two-headed ogre
  7345 | D:9      | Killed a two-headed ogre
  7346 | D:9      | Reached XP level 11. HP: 74/74 MP: 11/20
  7351 | D:9      | Reached skill level 9 in Ranged Weapons
  7610 | D:9      | Noticed a white ugly thing
  7617 | D:9      | Killed a white ugly thing
  7803 | D:9      | Found Ushat's Book Emporium.
  7850 | D:9      | Bought Great Wizards, Vol. VII for 390 gold pieces
  7854 | D:9      | Learned a level 3 spell: Tukima's Dance
  8162 | D:10     | Entered Level 10 of the Dungeon
  8163 | D:10     | Reached **** piety under Hepliaklqana
  8273 | D:10     | Noticed a centaur warrior
  8281 | D:10     | Killed a centaur warrior
  8282 | D:10     | Reached skill level 10 in Ranged Weapons
  8359 | D:10     | Noticed Lodul
  8369 | D:10     | Killed Lodul
  8892 | D:10     | Found a staircase to the Lair.
  9060 | D:10     | Reached XP level 12. HP: 45/84 MP: 18/21
  9556 | D:11     | Noticed a two-headed ogre
  9560 | D:11     | Killed a two-headed ogre
  9561 | D:11     | Reached skill level 11 in Ranged Weapons
  9689 | D:11     | Noticed a two-headed ogre
  9696 | D:11     | Killed a two-headed ogre
 10208 | D:11     | Found a staircase to the Orcish Mines.
 10465 | D:12     | Identified the +1 quarterstaff "Nietaguf" {holy, Int+5}
 10617 | D:12     | Reached skill level 12 in Ranged Weapons
 10680 | D:12     | Noticed a two-headed ogre
 10688 | D:12     | Killed a two-headed ogre
 10717 | D:12     | Reached ***** piety under Hepliaklqana
 11036 | D:12     | Noticed a sun demon
 11044 | D:12     | Reached XP level 13. HP: 75/90 MP: 7/22
 11580 | Lair:1   | Entered Level 1 of the Lair of Beasts
 11747 | Lair:1   | Reached skill level 10 in Invocations
 11751 | Lair:1   | Reached skill level 10 in Fighting
 11781 | Lair:1   | Learned a level 5 spell: Yara's Violent Unravelling
 11832 | Lair:1   | Reached skill level 13 in Ranged Weapons
 11888 | Lair:1   | Identified a scroll of acquirement
 11992 | Lair:1   | Noticed a five-headed hydra
 11993 | Lair:1   | Killed a five-headed hydra
 12066 | Lair:1   | Found a runed translucent gate.
 12066 | Lair:1   | Found a runed translucent gate.
 12066 | Lair:1   | Found a runed translucent gate.
 12072 | Lair:1   | Noticed abdbla's ghost (journeyman TrSh)
 12802 | Lair:2   | Found a staircase to the Swamp.
 12802 | Lair:2   | Noticed an eleionoma
 12812 | Lair:2   | Killed an eleionoma
 12913 | Lair:2   | Identified the amulet of Juwath {Spirit *Corrode rN++}
 12989 | Lair:2   | Noticed an eight-headed hydra
 12999 | Lair:2   | Killed an eight-headed hydra
 13000 | Lair:2   | Reached XP level 14. HP: 87/99 MP: 12/23
 13100 | Lair:2   | Reached skill level 14 in Ranged Weapons
 13255 | Lair:2   | Found a hole to the Spider Nest.
 13780 | D:5      | Bought a potion of experience for 550 gold pieces
 13993 | Lair:3   | Reached XP level 15. HP: 106/106 MP: 24/24
 14184 | Lair:3   | Identified the +9 dire flail of Gazing Certain Death
                  | {flame, rElec rPois rF+ rC+}
 14490 | Lair:3   | Reached ****** piety under Hepliaklqana
 14593 | Lair:3   | Found a shimmering blue altar of Sif Muna.
 15075 | Lair:4   | Found a viscous altar of Jiyva.
 15093 | Lair:4   | Found a staircase to the Slime Pits.
 15717 | Lair:5   | Entered Level 5 of the Lair of Beasts
 16529 | Lair:5   | Reached skill level 15 in Ranged Weapons
 16963 | Lair:5   | Reached XP level 16. HP: 114/114 MP: 27/27
 17638 | Lair:5   | Acquired 594 gold pieces
 17869 | D:9      | Bought a book of Unlife for 468 gold pieces
 17875 | D:9      | Learned a level 5 spell: Borgnjor's Vile Clutch
 17991 | D:5      | Acquired a +5 arbalest of flaming
 18132 | Orc:1    | Entered Level 1 of the Orcish Mines
 18251 | Orc:1    | Found a dark tunnel.
 18274 | Volcano  | Entered a volcano
 18334 | Volcano  | Reached skill level 1 in Earth Magic
 19101 | Orc:2    | Entered Level 2 of the Orcish Mines
 19751 | Orc:2    | Reached skill level 16 in Ranged Weapons
 19877 | Orc:2    | Found a staircase to the Elven Halls.
 20116 | Orc:2    | Found Tawnesm's Assorted Antiques.
 20116 | Orc:2    | Found Ogiw's Jewellery Emporium.
 20117 | Orc:2    | Found Fiamuycu's General Store.
 20117 | Orc:2    | Found Guly's Armour Shoppe.
 20360 | D:5      | Bought a scroll of acquirement for 728 gold pieces
 20360 | D:5      | Acquired the +1 cloak of Starlight {*Dazzle EV+4 Stlth--}
 20360 | D:5      | Found the +1 cloak of Starlight {*Dazzle EV+4 Stlth--}
 20551 | D:12     | Found Ixoin's Antique Weapon Emporium.
 20791 | D:13     | Noticed Rupert
 20797 | D:13     | Killed Rupert
 20887 | D:13     | Found a gate to the Vaults.
 21023 | D:13     | Noticed Frances
 21029 | D:13     | Killed Frances
 21030 | D:13     | Reached XP level 17. HP: 121/121 MP: 24/29
 21063 | D:13     | Reached skill level 15 in Hexes
 22122 | D:14     | Learned a level 4 spell: Passage of Golubria
 22490 | D:15     | Entered Level 15 of the Dungeon
 22888 | D:15     | Found the +8 Wrath of Trog {antimagic, *Rage Rampage}
 22934 | D:15     | Found a runed translucent gate.
 22934 | D:15     | Found a runed translucent gate.
 22934 | D:15     | Found a runed translucent gate.
 22940 | D:15     | Noticed Kelnin's ghost (journeyman FoFi)
 22940 | D:15     | Noticed Kelnin's ghost (weakling FoFi)
 22940 | D:15     | Found the +3 greatsling "Punk" {acid, rCorr}
 22944 | D:15     | Killed Kelnin's ghost
 22953 | D:15     | Killed Kelnin's ghost
 23132 | D:15     | Noticed Josephine
 23137 | D:15     | Killed Josephine
 23306 | D:15     | Reached skill level 5 in Earth Magic
 23381 | D:15     | Found a staircase to the Depths.
 23858 | Spider:1 | Entered Level 1 of the Spider Nest
 24943 | Spider:2 | Reached XP level 18. HP: 61/129 MP: 26/31
 25585 | D:5      | Bought a manual of Shields for 1120 gold pieces
 25832 | Spider:3 | Reached skill level 1 in Shields
 26154 | Spider:3 | Reached skill level 17 in Ranged Weapons
 26534 | Spider:3 | Reached skill level 5 in Shields
 26590 | Spider:3 | Reached skill level 10 in Spellcasting
 26804 | Spider:3 | Reached skill level 5 in Translocations
 27256 | Spider:4 | Entered Level 4 of the Spider Nest
 27671 | Spider:4 | Reached skill level 5 in Dodging
 28006 | Spider:4 | Reached XP level 19. HP: 118/136 MP: 10/33
 28017 | Spider:4 | Slain by a pharaoh ant

Illustrated notes

Levels and vault maps discovered:
D:1:      minmay_arrival_pointy, layout_basic, serial_forest,
          infiniplex_forest_corner_2, infiniplex_forest_end_1,
          infiniplex_forest_diagonal, infiniplex_forest_side_room,
          infiniplex_forest_straight_3, infiniplex_forest_fountain,
          infiniplex_forest_clump_double, due_unseen_surprise
D:2:      layout_loops_corners, nrook_mini_vaults, corexii_leaking_fountain,
          minmay_misc_feat_cross, minmay_misc_feat_secret_circle, uniq_natasha,
          uniq_jessica, uniq_crazy_yiuf_cottage
D:3:      layout_rooms, minmay_misc_feat_enclosed
D:4:      layout_loops_ring, lemuel_temple_firewalk_b, uniq_sigmund, uniq_robin
D:5:      layout_basic, nicolae_gozag_zags_fifth_avenue, serial_shops,
          kennysheep_little_box, shop, shop, minmay_lizard_king
D:6:      layout_cave_pools, serial_shops, nicolae_shop_window_shopping,
          nicolae_shop_statue_plus, nicolae_shop_scrapyard, nicolae_shop_trees,
          corexii_item_surrounded_by_moat, glass_columns_c,
          hangedman_decor_diamond_cutter, uniq_maggie, uniq_eustachio,
          uniq_jeremiah
D:7:      layout_basic, uniq_joseph
D:8:      layout_loops_corners, serial_shops, shop, minmay_crystal_room,
          uniq_amaemon
D:9:      layout_loops_ring, mainiacjoe_overflow_brackets, serial_shops, shop,
          nrook_uturn
D:10:     layout_basic, dpeg_oklobed_lair, kennysheep_dice, uniq_lodul
D:11:     layout_rooms, orc_0_dummy
D:12:     layout_loops_corners, serial_shops, nicolae_shop_tiny_real_fake_doors,
          grunt_ministairs_8
D:13:     layout_stronghold, david_vaults_3, kb_rosetta, uniq_frances
D:14:     layout_small_grid, serial_park_paths [serial_park_minivault_5x5_1]
D:15:     gammafunk_depths_entry_grave, layout_gridville,
          gammafunk_ghost_cemetery, minivault_11, nicolae_two_hexagons,
          minmay_guarded_unrand_wrath_of_trog, uniq_josephine
Temple:   mainiacjoe_temple_big_plus
Lair:1:   layout_small_grid, ebering_ghost_rock_garden
Lair:2:   layout_chaotic_city, alex1729_swamp_entry_worm_eleionoma,
          spider_nest_entry_rubble, nicolae_quartered_pool_impasse,
          infiniplex_staircase_pool_2
Lair:3:   layout_long_grid, basic_altar, grunt_megastairs_5, lemuel_fruit_tree,
          lemuel_fruit_fields
Lair:4:   layout_gridlike, nicolae_slime_entry_field_trip
Lair:5:   minmay_lair_end_enchanted_forest, layout_cave_pods, serial_bayou,
          serial_bayou_pond_b, serial_bayou_pond_a, serial_bayou_pond_d,
          serial_bayou_pond_c, serial_bayou_lake_a, serial_bayou_shore_b,
          dpeg_oklob_1
Spider:1: layout_spider_delve, nicolae_spider_solar_radiation
Spider:2: layout_spider_delve
Spider:3: layout_spider_delve, hellmonk_spider_spawner
Spider:4: hellmonk_spider_rune_endless_swarm
Orc:1:    layout_diamond_mine, nicolae_volcano_entry_lava_flow, rock_pile
Orc:2:    st_orc_pillars, layout_diamond_mine

Skill      XL: |  1  2  3  4  5  6  7  8  9 10 11 12 13 14 15 16 17 18 |
---------------+-------------------------------------------------------+-----
Hexes          | 4 5 6 8 9 10 12 13 14 15 16 | 16.2
Ranged Weapons | 3 4 5 6 7 8 10 12 13 14 15 16 17 | 17.3
Fighting       | 2 3 4 5 6 8 9 10 11 12 13 14 | 14.1
Spellcasting   | 2 3 4 5 6 7 8 9 10 | 10.4
Invocations    | 1 3 4 6 8 9 11 12 13 14 | 14.0
Translocations | 2 3 4 5 |  5.5
Necromancy     | 7 8 9 |  9.7
Earth Magic    | 3 5 |  5.0
Dodging        | 3 5 |  5.2
Shields        | 8 |  8.0
Fire Magic     | |  1.0

Action                     |  1- 3 |  4- 6 |  7- 9 | 10-12 | 13-15 | 16-18 | 19-21 || total
---------------------------+-------+-------+-------+-------+-------+-------+-------++-------
  Melee: Dagger            |       |     6 |       |       |       |       |       ||     6
   Fire: Sling             |    63 |   168 |   178 |    29 |       |       |       ||   438
         Shortbow          |       |       |    63 |       |       |       |       ||    63
         Orcbow            |       |       |       |   399 |   818 |    99 |       ||  1316
         Arbalest          |       |       |       |       |       |   445 |       ||   445
         Greatsling        |       |       |       |       |       |   754 |     1 ||   755
  Throw: Dart              |       |       |     2 |     2 |       |       |       ||     4
   Cast: Jinxbite          |     2 |     8 |    17 |     9 |    11 |     1 |       ||    48
         Inner Flame       |       |     1 |    11 |    33 |    21 |    16 |       ||    82
         Cause Fear        |       |       |     4 |     3 |    16 |    11 |       ||    34
         Dimensional Bulls |       |       |     1 |     8 |     8 |    30 |       ||    47
         Tukima's Dance    |       |       |       |     8 |     3 |    37 |       ||    48
         Sigil of Binding  |       |       |       |     1 |       |       |       ||     1
         Borgnjor's Vile C |       |       |       |       |       |    16 |     2 ||    18
 Invoke: Ancestor Identity |       |       |     1 |       |       |       |       ||     1
         Ancestor Life: Kn |       |       |     1 |       |       |       |       ||     1
         Recall Ancestor   |       |       |       |     3 |     2 |     1 |       ||     6
         Transference      |       |       |       |       |     1 |       |       ||     1
         Idealise          |       |       |       |       |       |     1 |       ||     1
Ability: Dig               |     1 |       |       |     2 |       |     2 |       ||     5
  Evoke: Wand              |       |       |       |       |       |     1 |       ||     1
    Use: Scroll            |       |     1 |     4 |     5 |     5 |    11 |       ||    26
         Potion            |       |       |     1 |       |     1 |     3 |     3 ||     8
 Armour: Robe              |    18 |    55 |    68 |       |       |    90 |     7 ||   238
         Steam dragon scal |       |       |     9 |    74 |   146 |   112 |       ||   341
  Dodge: Dodged            |    27 |    45 |    99 |    56 |   117 |   237 |     5 ||   586
  Block: Buckler           |       |       |       |       |       |    18 |     2 ||    20

Table legend: (Time is in decaauts)
 A = Elapsed time spent in this place.
 B = Non-inter-level travel time spent in this place.
 C = Inter-level travel time spent in this place.
 D = Time resting spent in this place.
 E = Time spent auto-exploring this place.
 F = Levels seen in this place.
 G = Mean time per level.
                   A        B        C        D        E       F      G
               +--------+--------+--------+--------+--------+-----+--------+
         Total |  27812 |  25046 |   2766 |   2274 |  17510 |  28 |  993.3 |
       Dungeon |  16088 |  14217 |   1871 |   1062 |  10593 |  15 | 1072.5 |
        Temple |     77 |      2 |     75 |      0 |      0 |   1 |   77.0 |
          Lair |   5880 |   5379 |    501 |    280 |   3971 |   5 | 1176.0 |
   Spider Nest |   3640 |   3401 |    239 |    674 |   1895 |   4 |  910.0 |
  Orcish Mines |   1655 |   1576 |     79 |    212 |    943 |   2 |  827.5 |
       Volcano |    469 |    469 |      0 |     45 |    108 |   1 |  469.0 |
               +--------+--------+--------+--------+--------+-----+--------+

Top non-repeatable levels by time:
  Lair:5: 1900 daAuts
    D:10: 1769 daAuts
     D:5: 1442 daAuts
    D:12: 1430 daAuts
Spider:3: 1232 daAuts
  Lair:1: 1217 daAuts
    D:13: 1207 daAuts
     D:9: 1189 daAuts
     D:2: 1183 daAuts
    D:15: 1091 daAuts
     D:7: 1024 daAuts
   Orc:2: 1019 daAuts
  Lair:2: 1014 daAuts
     D:8: 1005 daAuts
Spider:1: 902 daAuts
